Map: King's Cove LE

Players

HeroMarine - Winner!

  • Race: Terran Terran
  • League: Master
  • Spawn Location: 5:00

GOStephano (Stephano)

  • Race: Zerg Zerg
  • League: Grandmaster
  • Spawn Location: 11:00

Event: HomeStory Cup XIX

VOD

Have the link to the VOD?

Description

Time

  • Played on: June 28, 2019, 1:48 p.m.
  • Length: 11:48

All games in this series

Show
View Real Time Build Order
Export as new Build Order

HeroMarine Terran - Winner!

Build Orders: Command Center First (CC), Hellion Opening 

Get SALT Encoding   

  12  0:00  SCV  
  13  0:12  SCV  
  14  0:18  Supply Depot  
  14  0:24  SCV  
  15  0:39  SCV  
  16  0:51  SCV  
  17  1:00  Command Center  
  17  1:03  SCV  
  18  1:13  Barracks  
  18  1:17  SCV  
  19  1:23  Refinery  
  19  1:29  SCV  
  19  1:31  Refinery  
  20  1:41  SCV  
  21  2:00  Orbital Command  
  21  2:02  Reaper  
  22  2:11  Orbital Command  
  22  2:19  Factory  
  22  2:26  SCV  
  23  2:34  Barracks Reactor  
  23  2:37  SCV  
  23  2:38  SCV  
  25  2:49  SCV  
  25  2:50  SCV  
  27  2:52  Supply Depot  
  27  3:01  SCV  
  27  3:02  SCV  
  27  3:05  Starport  
  29  3:13  SCV  
  29  3:14  SCV, Hellion x2  
  29  3:16  Marine  
  36  3:21  Supply Depot  
  36  3:25  SCV  
  36  3:26  SCV  
  38  3:35  Hellion x2  
  38  3:38  SCV x2  
  44  3:42  Viking  
  44  3:45  Fusion Core  
  46  3:50  SCV x2, Supply Depot  
  46  3:51  Barracks Tech Lab  
  48  3:57  Hellion x2  
  48  4:02  SCV  
  53  4:03  SCV  
  54  4:14  SCV  
  54  4:15  SCV  
  56  4:24  Command Center  
  56  4:32  Supply Depot  
  56  4:33  Battlecruiser  
  56  4:36  Refinery  
  56  4:37  Refinery  
  62  4:40  Supply Depot  
  62  4:53  SCV x2  
  62  4:54  Hellion x2  
  62  4:57  Supply Depot  
  68  5:05  SCV x2  
  70  5:10  Factory  
  70  5:13  Factory  
  70  5:14  Armory  
  70  5:15  Hellion  
  70  5:17  Hellion  
  70  5:20  SCV x2  
  74  5:32  SCV x2  
  76  5:37  Orbital Command  
  76  5:43  Battlecruiser  
  76  5:44  SCV  
  76  5:47  SCV  
  84  5:51  Hellion x2  
  84  5:56  SCV  
  89  5:59  SCV  
  89  6:00  Factory Tech Lab x2  
  90  6:08  Terran Vehicle And Ship Armor Level 1, SCV  
  90  6:10  Orbital Command  
  89  6:11  SCV  
  89  6:12  Hellion  
  89  6:13  Hellion  
  94  6:20  SCV, Cyclone x2  
  101  6:26  Supply Depot  
  101  6:27  Supply Depot  
  101  6:33  Refinery  
  101  6:35  Refinery  
  101  6:41  Factory x2  
  101  6:47  SCV x3  
  101  6:52  Cyclone  
  101  6:54  Cyclone  
  110  6:59  SCV x3, Supply Depot  
  105  7:11  SCV x3  
  105  7:13  Hellion  
  105  7:14  Hellion  
  99  7:24  SCV x3, Cyclone  
  99  7:26  Cyclone  
  99  7:28  Factory Reactor, Factory Tech Lab  
  106  7:35  Hellion x2  
  106  7:36  SCV  
  113  7:38  Infernal Pre-Igniter  
  113  7:40  Mag-Field Accelerator  
  113  7:43  SCV x2  
  113  7:48  SCV  
  114  7:54  Cyclone  
  114  7:56  Cyclone  
  114  7:58  Cyclone  
  123  8:03  Hellion  
  125  8:06  Command Center  
  125  8:08  Terran Vehicle And Ship Armor Level 2  
  125  8:14  Armory  
  125  8:18  Supply Depot  
  125  8:19  Supply Depot  
  125  8:33  Cyclone  
  125  8:34  Hellion x2  
  132  8:36  Supply Depot  
  132  8:40  Hellion x2, Cyclone  
  139  8:43  Supply Depot  
  139  8:44  Cyclone  
  142  8:53  Factory  
  142  8:55  Hellion x2, Factory x2  
  146  9:01  Terran Vehicle Weapons Level 1  
  146  9:02  Hellion x2  
  150  9:05  Cyclone  
  150  9:06  Supply Depot  
  153  9:16  Cyclone  
  153  9:23  Hellion x3  
  146  9:30  Cyclone  
  144  9:34  Hellion  
  144  9:38  Hellion  
  140  9:42  Factory Reactor, Factory Tech Lab x2  
  140  9:44  Hellion x2  
  144  9:48  Cyclone  
  134  9:52  SCV  
  134  9:53  SCV x2  
  134  9:54  Hellion  
  134  9:55  Hellion  
  134  9:59  Cyclone  
  143  10:02  Cyclone  
  143  10:05  SCV x3  
  143  10:06  Cyclone  
  143  10:09  Hellion x2  
  143  10:13  Cyclone  
  148  10:20  Cyclone  
  148  10:23  Hellion x2  
  149  10:31  Orbital Command, Refinery, Cyclone  
  149  10:32  Refinery, Engineering Bay  
  149  10:34  Cyclone  
  151  10:38  Cyclone  
  154  10:44  Hellion  
  154  10:45  Cyclone  
  159  10:51  Hellion x3  
  159  10:52  Hellion  
  159  10:53  Cyclone  
  159  10:56  Supply Depot  
  170  11:03  Cyclone  
  173  11:09  Cyclone  
  162  11:13  Hellion x2  
  162  11:14  Cyclone  
  162  11:15  Hellion x2  
  170  11:22  Hellion x2  
  170  11:23  SCV x3  
  170  11:25  SCV  
  167  11:35  SCV x2  
Show
View Real Time Build Order
Export as new Build Order

GOStephano Zerg 

Build Orders: Hatch First 

Get SALT Encoding   

  12  0:00  Drone  
  13  0:12  Overlord  
  13  0:17  Drone  
  14  0:30  Drone x2  
  16  0:49  Hatchery  
  15  0:52  Drone  
  15  0:55  Drone  
  17  0:59  Drone  
  18  1:10  Extractor  
  17  1:15  Spawning Pool  
  17  1:18  Drone  
  17  1:21  Drone  
  18  1:28  Drone  
  19  1:38  Drone  
  20  1:49  Drone  
  21  2:01  Queen x2  
  21  2:02  Zergling x2  
  21  2:03  Zergling x2  
  27  2:10  Overlord  
  27  2:12  Drone  
  28  2:23  Hatchery  
  28  2:26  Drone  
  28  2:31  Drone  
  28  2:33  Drone  
  28  2:34  Drone  
  31  2:41  Queen  
  33  2:46  Overlord  
  33  2:50  Drone  
  34  2:54  Drone  
  34  2:58  Metabolic Boost, Drone  
  36  3:06  Overlord  
  36  3:07  Drone  
  36  3:08  Drone  
  36  3:09  Drone  
  36  3:11  Drone  
  40  3:16  Drone x2  
  42  3:21  Queen  
  42  3:26  Queen  
  44  3:29  Drone  
  44  3:33  Drone  
  48  3:38  Drone x3  
  51  3:44  Drone x3  
  51  3:48  Overlord  
  54  3:53  Drone x2  
  54  3:54  Queen  
  58  4:00  Overlord  
  58  4:07  Overlord  
  58  4:10  Zergling x8  
  62  4:17  Overlord  
  62  4:18  Zergling x4  
  62  4:19  Zergling x2  
  62  4:21  Drone  
  62  4:23  Overlord  
  66  4:26  Spore Crawler x2  
  66  4:27  Spore Crawler  
  66  4:30  Overlord  
  63  4:32  Drone x5  
  68  4:38  Evolution Chamber  
  68  4:40  Evolution Chamber  
  68  4:41  Drone x2  
  68  4:43  Drone x2  
  70  4:48  Overlord  
  69  4:55  Overlord  
  69  4:56  Overlord  
  69  4:58  Drone  
  70  5:04  Drone x3, Overlord, Spore Crawler  
  72  5:07  Extractor  
  72  5:09  Extractor, Overlord  
  70  5:16  Drone x7  
  74  5:23  Zergling x8  
  74  5:29  Zerg Ground Armor Level 1, Zerg Melee Weapons Level 1  
  74  5:30  Lair  
  74  5:44  Extractor  
  74  5:45  Hatchery, Extractor  
  74  5:47  Overlord  
  74  5:49  Drone x3, Spore Crawler  
  71  5:55  Zergling x8  
  74  5:59  Drone x2  
  76  6:10  Spore Crawler  
  73  6:12  Drone x6  
  73  6:14  Queen  
  82  6:19  Baneling Nest  
  82  6:22  Overlord  
  81  6:28  Drone x3  
  81  6:30  Extractor  
  83  6:33  Zergling x8  
  83  6:34  Infestation Pit  
  86  6:42  Zergling x4, Queen x2  
  92  6:54  Zergling x2, Queen  
  92  6:55  Zergling x8  
  99  7:06  Zergling x8, Hatchery  
  88  7:14  Pathogen Glands  
  88  7:15  Drone x3  
  88  7:21  Drone x4  
  81  7:23  Drone  
  82  7:31  Drone x4  
  82  7:32  Zerg Melee Weapons Level 2  
  82  7:33  Zerg Missile Weapons Level 1  
  84  7:42  Centrifical Hooks  
  84  7:48  Overlord  
  81  7:51  Zergling x16  
  81  7:57  Drone x2  
  81  7:58  Drone x3  
  89  8:03  Overlord  
  89  8:04  Infestor x2  
  93  8:10  Infestor x2  
  93  8:11  Baneling  
  93  8:12  Baneling x6  
  97  8:13  Baneling x2  
  97  8:14  Baneling x3  
  97  8:15  Baneling x2  
  97  8:20  Zergling x6  
  97  8:25  Zergling x2  
  101  8:29  Overlord  
  101  8:30  Neural Parasite  
  101  8:31  Infestor  
  103  8:34  Zergling x2  
  103  8:35  Zergling x8  
  108  8:43  Extractor  
  108  8:47  Infestor, Extractor  
  108  8:54  Zergling x2  
  108  8:55  Zergling x12, Hatchery  
  114  8:56  Drone  
  114  8:57  Drone  
  114  8:58  Drone  
  114  9:01  Drone x2  
  114  9:02  Drone  
  120  9:13  Zergling x16  
  120  9:15  Baneling x5  
  119  9:23  Zergling x12  
  104  9:28  Zergling x8  
  105  9:37  Zergling x16  
  106  9:40  Infestor  
  106  9:44  Baneling x6  
  106  9:45  Baneling  
  107  9:50  Zergling x8  
  103  9:58  Zergling x14  
  101  10:05  Zergling x10  
  95  10:08  Infestor  
  97  10:15  Zergling x2  
  97  10:16  Zergling x4  
  99  10:24  Infestor x5  
  104  10:35  Infestor, Hatchery, Burrow  
  103  10:38  Baneling x4  
  103  10:41  Infestor  
  107  10:43  Infestor  
  109  10:51  Infestor  
  109  10:54  Baneling x4  
  111  11:09  Zergling x16  
  101  11:25  Baneling  
  101  11:26  Baneling x2  
  101  11:29  Zergling x8  
  100  11:36  Hatchery  
Tags
 
Add a new tag
Caveats
  • Supply blocks, unpowered buildings, or Contaminate may cause inaccurate times.
  • Supply counts are checked every 10 seconds.